 Dungeon Crawl Stone Soup version 0.28-a0-1389-gc726bef33b (webtiles) character file.

Game seed: 3240664093764014480

35 bande the Skirmisher (level 3, -1/23 HPs)
             Began as a Gargoyle Fighter on Jan 4, 2022.
             Slain by a gnoll (4 damage)
             ... on level 1 of the Dungeon.
             The game lasted 00:01:38 (1166 turns).

bande the Skirmisher (Gargoyle Fighter)             Turns: 1166, Time: 00:01:39

Health: -1/23      AC: 10    Str: 19    XL:     3   Next: 33%
Magic:  3/3        EV:  5    Int:  8    God:
Gold:   38         SH: 12    Dex: 11    Spells: 2/2 levels left

rFire   . . .      SeeInvis .   a - +0 war axe
rCold   . . .      Faith    .   h - +0 tower shield
rNeg    + . .      Spirit   .   b - +0 scale mail
rPois   ∞          Reflect  .   (no helmet)
rElec   +          Harm     .   (no cloak)
rCorr   .          Rampage  .   (no gloves)
Will    .....                   (no boots)
Stlth   ..........              (no amulet)
HPRegen 0.07/turn               (no ring)
MPRegen 0.08/turn               (no ring)

@: no status effects
A: sickness immunity, AC +3, negative energy resistance 1, electricity
resistance, torment resistance 1, petrification resistance
a: no special abilities


You were on level 1 of the Dungeon.
You visited 1 branch of the dungeon, and saw 2 of its levels.

You collected 38 gold pieces.

Inventory:

Hand Weapons
 a - a +0 war axe (weapon)
Armour
 b - a +0 scale mail (worn)
 h - a +0 tower shield (worn)
Scrolls
 f - a scroll of teleportation {unknown}
 g - a scroll of holy word {unknown}
Potions
 d - 2 potions of might
 e - a potion of curing {unknown}


   Skills:
 + Level 3.6 Fighting
 + Level 2.6 Axes
 + Level 3.5 Armour
 + Level 3.5 Shields


You had 2 spell levels left.
You didn't know any spells.
Your spell library contained the following spells:

 Spells                   Type           Power      Damage    Failure   Level
 Animate Skeleton         Necr           0%         N/A       100%        1
 Pain                     Necr           0%         1d4       100%        1
 Shock                    Conj/Air       0%         1d3       100%        1
 Swiftness                Air            0%         N/A       100%        3
 Vampiric Draining        Necr           0%         2d6       100%        3
 Airstrike                Air            0%         N/A       100%        4


Dungeon Overview and Level Annotations

Branches:
Dungeon (2/15)

Altars:


Innate Abilities, Weirdness & Mutations

You are immune to sickness and miasma.
Your stone body is resilient. (AC +3)
You are immune to poison.
You resist negative energy. (rN+)
You are resistant to electric shocks. (rElec)
You are resistant to unholy torment.
You are immune to petrification.


Message History

The jackal bites you but does no damage.
You slash the jackal!
You kill the jackal!
No target in view!
No target in view!
No target in view!
No target in view!
No target in view!
No target in view!
You start resting.
HP restored.
You climb downwards.
The gnoll shouts!
You block the quokka's attack. The gnoll hits you with a +0 flail!
The quokka bites you but does no damage.
There is a stone staircase leading up here.
You block the gnoll's attack. The quokka barely misses you.
You block the gnoll's attack.
You climb upwards.
There is a stone staircase leading down here.
You hit the gnoll.
The gnoll is heavily wounded.
You barely miss the gnoll. You hit the quokka.
The quokka bites you but does no damage.
The gnoll hits you with a +0 whip. You block the gnoll's attack.
The quokka bites you but does no damage.
The gnoll hits you with a +0 whip. The gnoll hits you with a +0 flail!
* * * LOW HITPOINT WARNING * * *
Your shield prevents you from hitting the gnoll.
You closely miss the quokka. You barely miss the gnoll.
The quokka twitches its whiskers.
You block the quokka's attack. You block the gnoll's attack. x2
The quokka bites you but does no damage.
The gnoll hits you with a +0 whip.
* * * LOW HITPOINT WARNING * * *
The gnoll hits you but does no damage. You block the gnoll's attack.
The quokka bites you but does no damage.
The gnoll hits you with a +0 whip.
You die...

#######...##.#....
#............###..
##.......#########
###...>)...........
##.........#########
#..........#
####g......#
#rg......##
##@######..#######
#....# ##.......#
#...(#####.....[.##
#..................
#....######......#.
#....# #........
##.### #......##
#..# #......# ##.#
#).....#


You could see 2 gnolls and a quokka.

Vanquished Creatures
  A gnoll (D:1)
  A dart slug (D:1)
  3 endoplasms (D:1)
  3 goblins (D:1)
  A hobgoblin (D:1)
  A jackal (D:1)
  A quokka (D:1)
  2 ball pythons (D:1)
  4 bats (D:1)
  A frilled lizard (D:1)
  3 kobolds (D:1)
  2 rats (D:1)
23 creatures vanquished.

Notes
Turn   | Place    | Note
-------+----------+-------------------------------------------
     0 | D:1      | bande the Gargoyle Fighter began the quest for the Orb.
     0 | D:1      | Reached XP level 1. HP: 14/14 MP: 1/1
   213 | D:1      | Reached XP level 2. HP: 19/19 MP: 2/2
   988 | D:1      | Reached XP level 3. HP: 20/23 MP: 3/3
  1166 | D:1      | Slain by a gnoll

Illustrated notes

Levels and vault maps discovered:
D:1:      dpeg_arrival_pits, layout_rooms, minmay_misc_feat_rugged
D:2:      layout_basic, basic_ecumenical_altar, serial_shops, shop,
          serial_glass, glass_columns_a, glass_columns_a

Skill      XL: |  1 |
---------------+----+-----
Axes           | 2 |  2.6
Fighting       | |  3.6
Armour         | |  3.5
Shields        | |  3.5

Action                   || total
-------------------------++-------
Melee: War axe           ||    73
Armor: Scale mail        ||    55
Dodge: Dodged            ||    41
Block: Buckler           ||     8
       Tower shield      ||    30

Table legend: (Time is in decaauts)
 A = Elapsed time spent in this place.
 B = Non-inter-level travel time spent in this place.
 C = Inter-level travel time spent in this place.
 D = Time resting spent in this place.
 E = Time spent auto-exploring this place.
 F = Levels seen in this place.
 G = Mean time per level.
                   A        B        C        D        E       F      G
               +--------+--------+--------+--------+--------+-----+--------+
         Total |   1209 |   1209 |      0 |    447 |    540 |   2 |  604.5 |
       Dungeon |   1209 |   1209 |      0 |    447 |    540 |   2 |  604.5 |
               +--------+--------+--------+--------+--------+-----+--------+

Top non-repeatable levels by time:
     D:1: 1195 daAuts
     D:2: 13 daAuts
